Map: Ley Lines

Players

kenO - Winner!

  • Race: Protoss Protoss
  • League: Diamond
  • Spawn Location: 7:00

Koht

  • Race: Protoss Protoss
  • League: Grandmaster
  • Spawn Location: 1:00

VOD

Have the link to the VOD?

Description

Time

  • Played on: Feb. 9, 2025, 10:09 a.m.
  • Length: 10:07
Show
View Real Time Build Order
Export as new Build Order

kenO Protoss - Winner!

Build Orders:  

Get SALT Encoding   

  12  0:00  Probe  
  13  0:12  Probe  
  14  0:17  Pylon  
  14  0:23  Probe  
  15  0:31  Probe  
  16  0:39  Probe  
  16  0:40  Gateway  
  16  0:45  Assimilator  
  17  0:51  Probe  
  17  0:54  Assimilator  
  18  0:59  Probe  
  19  1:07  Probe  
  19  1:08  Gateway  
  19  1:17  Probe  
  21  1:26  Cybernetics Core  
  21  1:29  Probe  
  22  1:34  Pylon  
  22  1:46  Probe  
  23  1:53  Warp Gate  
  23  2:00  Stalker x2  
  27  2:11  Pylon  
  27  2:22  Pylon  
  27  2:27  Stalker x2  
  31  2:49  Gateway  
  31  2:54  Stalker x2  
  35  3:25  Pylon  
  35  3:26  Nexus  
  35  3:45  Stalker x2  
  39  3:50  Stalker  
  39  3:51  Probe  
  42  3:59  Probe  
  42  4:07  Probe  
  42  4:20  Stalker, Probe  
  42  4:21  Stalker  
  43  4:32  Probe  
  43  4:33  Stalker  
  46  4:44  Probe x2  
  40  4:56  Probe  
  40  4:57  Stalker x2  
  40  4:58  Stalker  
  47  5:06  Twilight Council, Probe  
  47  5:07  Probe  
  47  5:08  Blink  
  49  5:14  Probe  
  50  5:24  Probe  
  49  5:33  Stalker  
  49  5:34  Stalker x2  
  53  5:36  Probe  
  53  5:41  Gateway  
  55  5:47  Probe  
  55  5:54  Probe  
  54  5:58  Stalker x2  
  54  6:02  Stalker  
  61  6:04  Probe  
  61  6:06  Probe  
  62  6:14  Pylon  
  62  6:24  Stalker  
  62  6:27  Probe  
  61  6:38  Adept x2  
  65  6:41  Nexus  
  65  6:44  Stalker, Shield Battery  
  67  6:47  Probe x2  
  69  6:59  Charge  
  69  7:00  Probe  
  69  7:01  Pylon  
  70  7:04  Gateway  
  70  7:07  Pylon  
  70  7:15  Robotics Facility  
  70  7:16  Pylon  
  70  7:19  Probe x2  
  72  7:26  Stalker x2  
  72  7:29  Stalker  
  78  7:31  Probe x2  
  78  7:36  Gateway  
  80  7:43  Gateway, Probe  
  81  7:48  Stalker  
  83  7:57  Stalker x3  
  83  8:14  Probe x2  
  83  8:16  Stalker x2  
  89  8:22  Warp Prism  
  89  8:24  Stalker  
  89  8:25  Stalker  
  89  8:26  Zealot  
  95  8:31  Probe x2  
  99  8:34  Gateway  
  99  8:37  Gateway  
  97  8:46  Zealot x4  
  99  8:50  Adept x2  
  103  8:59  Zealot  
  103  9:00  Probe x2  
  107  9:06  Gateway  
  107  9:07  Pylon  
  107  9:08  Pylon  
  107  9:18  Pylon  
  107  9:24  Pylon  
  107  9:28  Zealot  
  107  9:29  Zealot x6  
  117  9:45  Zealot x2  
  109  9:50  Zealot x2  
  109  9:51  Zealot x5  
  105  10:03  Stalker  
  105  10:05  Nexus  
Show
View Real Time Build Order
Export as new Build Order

Koht Protoss 

Build Orders: Blink Stalkers 

Get SALT Encoding   

  12  0:00  Probe  
  13  0:12  Probe  
  14  0:18  Pylon  
  14  0:24  Probe  
  15  0:33  Probe  
  15  0:37  Gateway  
  15  0:41  Probe  
  16  0:43  Assimilator  
  17  0:51  Probe  
  18  0:59  Gateway  
  18  1:04  Probe  
  19  1:15  Assimilator  
  19  1:16  Probe  
  20  1:25  Cybernetics Core  
  20  1:28  Probe  
  21  1:40  Probe  
  21  1:43  Pylon  
  22  1:52  Probe  
  23  1:59  Stalker x2  
  23  2:04  Warp Gate  
  23  2:05  Probe  
  28  2:13  Pylon  
  28  2:16  Pylon  
  28  2:29  Stalker, Sentry  
  32  2:51  Nexus  
  32  2:56  Probe  
  33  3:11  Twilight Council  
  33  3:14  Probe  
  33  3:16  Shield Battery  
  34  3:26  Probe  
  35  3:28  Stalker  
  35  3:29  Pylon  
  37  3:34  Blink  
  37  3:41  Probe  
  38  3:48  Shield Battery  
  36  3:52  Stalker  
  36  3:53  Probe  
  39  4:05  Probe  
  39  4:07  Probe  
  39  4:09  Sentry  
  38  4:21  Stalker  
  39  4:24  Shield Battery  
  39  4:28  Probe  
  38  4:31  Probe  
  38  4:34  Stalker  
  41  4:43  Probe  
  41  4:44  Probe  
  39  4:47  Stalker  
  36  4:55  Probe  
  36  4:56  Probe  
  36  4:59  Sentry  
  39  5:06  Stalker  
  41  5:08  Probe  
  41  5:12  Gateway  
  42  5:14  Sentry  
  42  5:18  Probe  
  45  5:30  Stalker  
  42  5:36  Stalker  
  44  5:43  Probe x2  
  46  5:53  Stalker  
  46  5:55  Probe x2  
  50  6:00  Stalker  
  52  6:06  Pylon  
  52  6:08  Shield Battery  
  52  6:09  Stalker  
  52  6:10  Probe x2  
  56  6:21  Stalker  
  56  6:22  Probe x2  
  56  6:24  Stalker  
  60  6:32  Stalker  
  60  6:37  Probe x2  
  64  6:41  Assimilator  
  64  6:42  Charge, Assimilator  
  64  6:51  Pylon  
  64  6:52  Probe x2  
  66  6:55  Pylon  
  66  6:59  Gateway, Pylon  
  66  7:11  Nexus  
  66  7:14  Probe x2  
  68  7:26  Stalker x2, Probe  
  73  7:30  Stalker  
  73  7:32  Probe  
  76  7:38  Probe  
  77  7:44  Gateway x2  
  77  7:55  Stalker x3  
  77  8:03  Stalker  
  70  8:15  Probe x2  
  70  8:20  Stalker  
  70  8:21  Stalker  
  72  8:27  Probe  
  72  8:28  Sentry  
  72  8:29  Sentry  
  72  8:32  Probe  
  77  8:39  Probe  
  78  8:44  Probe  
  78  8:51  Probe  
  79  8:56  Stalker x2  
  84  9:03  Probe  
  84  9:14  Nexus  
  84  9:18  Nexus  
  84  9:21  Shield Battery  
  84  9:25  Sentry  
  84  9:28  Sentry x2  
  80  9:50  Zealot x4  
  67  9:55  Stalker x2  
Tags
 
Composition
Blink Stalkers
Matchup
PvP
Spawn Locations
Cross Positions
Add a new tag
Caveats
  • Supply blocks, unpowered buildings, or Contaminate may cause inaccurate times.
  • Supply counts are checked every 10 seconds.